 Dungeon Crawl Stone Soup version 0.29-a0-653-gd47aff6735 (webtiles) character file.

Game seed: 12094621255337488315

182 DocClef the Chopper (level 5, -8/42 HPs)
             Began as a Formicid Fighter on June 21, 2022.
             Mangled by an ogre
             ... wielding a +0 giant club
              (18 damage)
             ... on level 4 of the Dungeon.
             The game lasted 00:03:36 (4140 turns).

DocClef the Chopper (Formicid Fighter)              Turns: 4140, Time: 00:03:37

Health: -8/42      AC:  6    Str: 22    XL:     5   Next: 93%
Magic:  5/5        EV:  9    Int:  8    God:
Gold:   150        SH:  5    Dex: 13    Spells: 4/4 levels left

rFire   . . .      SeeInvis +   a - +0 war axe
rCold   . . .      Faith    .   c - +0 buckler
rNeg    . . .      Spirit   .   b - +0 scale mail
rPois   .          Reflect  .   (helmet unavailable)
rElec   .          Harm     .   (no cloak)
rCorr   .          Rampage  .   (no gloves)
Will    .....                   (no boots)
Stlth   ..........              (no amulet)
HPRegen 0.14/turn               (no ring)
MPRegen 0.09/turn               (no ring)

@: no status effects
A: permanent stasis, dig shafts and tunnels, antennae 3, four strong arms
a: Dig, Shaft Self


You were on level 4 of the Dungeon.
You visited 1 branch of the dungeon, and saw 5 of its levels.

You collected 150 gold pieces.

Inventory:

Hand Weapons
 a - a +0 war axe (weapon)
Armour
 b - a +0 scale mail (worn)
 c - a +0 buckler (worn)
Jewellery
 l - a +4 ring of protection
Wands
 m - a wand of flame (24)
Scrolls
 e - a scroll of fog
 f - 3 scrolls of identify
 g - 2 scrolls of immolation
 h - a scroll of fear
 i - 3 scrolls of vulnerability
 j - a scroll of enchant weapon {unknown}
Potions
 d - 4 potions of might
 n - a potion of flight


   Skills:
 - Level 4.0 Fighting
 + Level 5.2 Axes
 - Level 3.2 Armour
 - Level 4.0 Shields


You had 4 spell levels left.
You didn't know any spells.
Your spell library contained the following spells:

 Spells                   Type           Power      Damage    Failure   Level
 Foxfire                  Conj/Fire      0%         2x1d4     80%         1
 Sublimation of Blood     Necr           0%         N/A       91%         2
 Wereblood                Tmut           0%         N/A       91%         2
 Conjure Flame            Conj/Fire      0%         6-21      99%         3
 Inner Flame              Hex/Fire       0%         N/A       99%         3
 Flame Wave               Conj/Fire      0%         2d4       100%        4
 Manifold Assault         Tloc           0%         N/A       100%        5
 Storm Form               Tmut/Air       0%         N/A       100%        7
 Summon Hydra             Summ           0%         N/A       100%        7
 Blink                    Tloc           Unusable   N/A       N/A         2

Dungeon Overview and Level Annotations

Branches:
Dungeon (5/15)
 Temple: D:4-7

Altars:
Vehumet


Innate Abilities, Weirdness & Mutations

You cannot be hasted, slowed, berserked, paralysed or teleported.
You can dig through walls and to a lower floor.
You have a pair of large antennae on your head. (SInv)
Your four strong arms can wield two-handed weapons with a shield.


Message History

* * * LOW HITPOINT WARNING * * *
The ufetubus hits you but does no damage.
You closely miss the ufetubus.
The ufetubus is severely wounded.
You block the ufetubus's attack. The ufetubus hits you.
* * * LOW HITPOINT WARNING * * *
You block the ufetubus's attack. The ufetubus barely misses you.
You miss the ufetubus.
The ufetubus is severely wounded.
The ufetubus hits you but does no damage.
The ufetubus closely misses you. The ufetubus hits you.
* * * LOW HITPOINT WARNING * * *
The ufetubus hits you but does no damage.
You closely miss the ufetubus.
The ufetubus is severely wounded.
The ufetubus closely misses you. The ufetubus barely misses you.
The ufetubus closely misses you. You block the ufetubus's attack.
You hit the ufetubus.
You kill the ufetubus!
Unknown command.
You start resting.
HP restored.
You climb downwards.
The centaur shoots an arrow.
The arrow closely misses you. The ogre hits you with a +0 giant club!
The centaur shoots an arrow.
The arrow closely misses you.
There is a stone staircase leading up here.
Unknown command.
The centaur shoots an arrow.
The arrow hits you. The adder bites you but does no damage.
The ogre barely misses you.
You climb upwards.
There is a stone staircase leading down here.
You hit the ogre but do no damage. You hit the adder.
The adder bites you but does no damage. The adder bites you.
The ogre hits you with a +0 giant club!
* * * LOW HITPOINT WARNING * * *
You slash the ogre!
The ogre is heavily wounded.
You barely miss the adder. The adder bites you but does no damage.
The ogre hits you with a +0 giant club!!
You die...

.# #......# #.#...# #. .#
######## #.#...# #. .# #.#...# #.
.# #)#...# #. .# #.#...# #.
.########### #.#...# ######.
...........#######.#...# #....#.
...........##..SO..#..)####.##.#.
...........##...@.........#..#.#.
[..........##........#.......#)##
[..........##...........#.##.#.#
..###########......#.#..#....#.#
..# #......#.#..####.#.# ..#
######.#.#.......#.# ..###
#.#.#.####..#.# ...(#
##########'#.#.# #..#.# .<..#
#............#.# #..#.##


You could see an ogre and an adder.

Vanquished Creatures
  An iguana (D:4)
  Terence (D:2)
  Robin (D:2)
  2 adders
  A shadow imp (D:4)
  An ufetubus (D:4)
  A dart slug (D:1)
  7 orcs
  6 ball pythons
  5 endoplasms
  2 giant cockroaches (D:4)
  15 goblins
  5 hobgoblins
  4 jackals
  7 quokkas
  4 bats
  3 frilled lizards
  4 kobolds
  7 rats
77 creatures vanquished.

Notes
Turn   | Place    | Note
-------+----------+-------------------------------------------
     0 | D:1      | DocClef the Formicid Fighter began the quest for the Orb.
     0 | D:1      | Reached XP level 1. HP: 18/18 MP: 1/1
   345 | D:1      | Found a faded altar of an unknown god.
   383 | D:1      | Reached XP level 2. HP: 25/25 MP: 2/2
  1060 | D:2      | Reached XP level 3. HP: 30/30 MP: 3/3
  1144 | D:2      | Noticed Robin
  1181 | D:2      | Found a radiant altar of Vehumet.
  1414 | D:2      | Reached skill level 3 in Axes
  1444 | D:2      | Killed Robin
  1445 | D:2      | Reached XP level 4. HP: 17/37 MP: 4/4
  1731 | D:2      | Noticed Terence
  1739 | D:2      | Killed Terence
  1966 | D:2      | Reached skill level 4 in Axes
  2373 | D:3      | Reached XP level 5. HP: 33/42 MP: 5/5
  3239 | D:4      | Reached skill level 5 in Axes
  3603 | D:5      | Entered Level 5 of the Dungeon
  3662 | D:5      | Noticed a black bear
  3733 | D:5      | Noticed an ogre
  3734 | D:5      | Noticed a centaur
  4140 | D:4      | Mangled by an ogre

Illustrated notes

Levels and vault maps discovered:
D:1:      ncdulo_halloftheorcs, layout_basic,
          shapermc_ecumenical_altar_starsandcircs
D:2:      layout_loops_cross, basic_altar, uniq_terence, uniq_robin
D:3:      layout_rooms
D:4:      layout_basic, fountainhead
D:5:      layout_cave_pools, minmay_misc_feat_hallway, minmay_strange_pillars,
          chequers_serial_rivers_micro_a

Skill      XL: |  1  2  3  4  5 |
---------------+----------------+-----
Fighting       | 4 |  4.0
Axes           | 3 4 5 |  5.2
Armour         | |  3.2
Shields        | |  4.0

Action                   |  1- 3 |  4- 6 || total
-------------------------+-------+-------++-------
Melee: War axe           |    87 |   145 ||   232
  Use: Scroll            |     2 |     5 ||     7
       Potion            |     2 |     3 ||     5
Armor: Scale mail        |    35 |    77 ||   112
Dodge: Dodged            |    43 |    80 ||   123
Block: Buckler           |    25 |    43 ||    68

Table legend: (Time is in decaauts)
 A = Elapsed time spent in this place.
 B = Non-inter-level travel time spent in this place.
 C = Inter-level travel time spent in this place.
 D = Time resting spent in this place.
 E = Time spent auto-exploring this place.
 F = Levels seen in this place.
 G = Mean time per level.
                   A        B        C        D        E       F      G
               +--------+--------+--------+--------+--------+-----+--------+
         Total |   4221 |   4061 |    160 |    334 |   3073 |   5 |  844.2 |
       Dungeon |   4221 |   4061 |    160 |    334 |   3073 |   5 |  844.2 |
               +--------+--------+--------+--------+--------+-----+--------+

Top non-repeatable levels by time:
     D:4: 1433 daAuts
     D:2: 1122 daAuts
     D:1: 1017 daAuts
     D:3: 552 daAuts
     D:5: 95 daAuts
